 Dungeon Crawl Stone Soup version 0.28-a0-1182-g381e24db82 (webtiles) character file.

Game seed: 4421667308915280232

2363 LadyOphelia the Protected (level 9, -5/69 HPs)
             Began as a Formicid Fighter on Dec 16, 2021.
             Slain by a two-headed ogre (15 damage)
             ... on level 7 of the Dungeon on Dec 17, 2021.
             The game lasted 00:21:25 (7803 turns).

LadyOphelia the Protected (Formicid Fighter)        Turns: 7803, Time: 00:21:26

Health: -5/69      AC:  8    Str: 25    XL:     9   Next: 72%
Magic:  0/9        EV: 11    Int:  8    God:
Gold:   179        SH:  5    Dex: 10    Spells: 7/8 levels left

rFire   + . .      SeeInvis +   h - +3 short sword (venom)
rCold   + + .      Faith    .   c - +0 buckler
rNeg    . . .      Spirit   +   b - +0 scale mail
rPois   .          Reflect  .   (helmet unavailable)
rElec   .          Harm     .   q - scarf {rC+ rF+}
rCorr   .          Rampage  .   (no gloves)
Will    .....                   (no boots)
Stlth   ..........              o - amulet of guardian spirit
HPRegen 0.21/turn               e - ring of protection from cold
MPRegen 0.11/turn               (no ring)

@: no status effects
A: permanent stasis, dig shafts and tunnels, antennae 3, four strong arms
a: Dig, Shaft Self


You were on level 7 of the Dungeon.
You visited 1 branch of the dungeon, and saw 6 of its levels.

You collected 179 gold pieces.

Inventory:

Hand Weapons
 a - a +0 long sword
 h - a +3 short sword of venom (weapon)
 j - a +4 vorpal trident
Missiles
 d - 3 throwing nets
Armour
 b - a +0 scale mail (worn)
 c - a +0 buckler (worn)
 k - a +1 robe of willpower
 q - a scarf of resistance (worn)
Jewellery
 e - a ring of protection from cold (left hand)
 g - a ring of ice
 o - an amulet of guardian spirit (around neck)
 v - a ring of protection from fire
Wands
 n - a wand of paralysis (2) (quivered)
Scrolls
 f - 2 scrolls of blinking
 i - 2 scrolls of teleportation
 m - a scroll of fear {unknown}
 p - a scroll of fog {unknown}
 s - a scroll of vulnerability {unknown}
 u - a scroll of brand weapon {unknown}
 x - a scroll of amnesia {unknown}
Potions
 l - a potion of cancellation
 r - a potion of flight
 w - a potion of lignification {unknown}


   Skills:
 + Level 6.0 Fighting
 * Level 7.4(7.7) Short Blades
 - Level 2.4(5.3) Long Blades
 + Level 8.0 Armour
 + Level 3.0 Dodging
 + Level 5.7 Shields


You had 7 spell levels left.
You knew the following spells:

 Your Spells              Type           Power      Damage    Failure   Level
a - Slow                  Hex            0%         N/A       67%         1

Your spell library contained the following spells:

 Spells                   Type           Power      Damage    Failure   Level
 Confusing Touch          Hex            0%         N/A       95%         3
 Yara's Violent Unravell  Hex/Tmut       0%         3d3       100%        5


Dungeon Overview and Level Annotations

Branches:
Dungeon (5/15)             Temple (0/1) D:4

Altars:
Hepliaklqana
Yredelemnul


Innate Abilities, Weirdness & Mutations

You cannot be hasted, slowed, berserked, paralysed or teleported.
You can dig through walls and to a lower floor.
You have a pair of large antennae on your head. (SInv)
Your four strong arms can wield two-handed weapons with a shield.


Message History

The sentinel's mark upon you fades away.
Items here: ( )) [ รท.
Things that are here:
a +0 dagger; a +0 leather armour; an orc skeleton You start resting.
A two-headed ogre is nearby!
A two-headed ogre is nearby!
Hit: h) +3 short sword (venom)
Press: ? - help, Dir - move target, f/p - two-headed ogre
Aim: a two-headed ogre, wielding two +0 giant clubs (about 20% to evade your +3 short sword of venom)
Your weapon can't reach that far!
Okay, then.
Things that are here:
a +0 whip; a +0 robe; an orc skeleton You hit the two-headed ogre.
The two-headed ogre is lightly wounded.
The two-headed ogre closely misses you.
The two-headed ogre hits you with a +0 giant club!
* * * LOW HITPOINT WARNING * * *
Hit: h) +3 short sword (venom)
Press: ? - help, Dir - move target, f/p - two-headed ogre
Aim: a two-headed ogre, wielding two +0 giant clubs (lightly wounded, about 20% to evade your +3 short sword of venom)
You barely miss the two-headed ogre.
The two-headed ogre is lightly wounded.
It was a potion of ambrosia.
You are confused.
You feel invigorated. The two-headed ogre barely misses you.
The two-headed ogre hits you but does no damage.
You bump into the rock wall.
You feel less invigorated.
You feel less confused.
The two-headed ogre completely misses you.
The two-headed ogre hits you with a +0 giant club!!
* * * LOW HITPOINT WARNING * * *
You hit the two-headed ogre.
The two-headed ogre is poisoned.
The two-headed ogre is lightly wounded.
You hit the two-headed ogre.
The two-headed ogre looks as sick as possible!
The two-headed ogre is lightly wounded.
The two-headed ogre hits you with a +0 giant club!!
You die...

#..## # #.#### ##.##
##... ##(#.#.# #.# #...#
.O..#.#.# #.#
....##.##.#.#.# #.#
#...#.# #.#.#.#### #.#
.<...# #.#.#...)# #.#
##..##
##.#.#..#)######.#
#.)####..#.#..#O)......#
#..O(.........#@...#####
##.####..#....####.#
#... #..#...(# ..#
.....# #.....#.# .###
...... ......#.#..
.................
.......#........#
##...###.........


You could see a two-headed ogre (extremely poisoned).

Vanquished Creatures
  Harold (D:7)
  Sigmund (D:2)
  3 yaks (D:5)
  2 ice beasts
  A necrophage (D:7)
  An ogre (D:4)
  3 centaurs
  2 scorpions
  2 hounds (D:4)
  A jelly (D:7)
  A centaur skeleton (D:7)
  3 orc wizards
  2 hound zombies (D:3)
  13 gnolls
  3 adders
  A white imp (D:7)
  An adder skeleton (D:4)
  A worm (D:3)
  A dart slug (D:1)
  4 orcs
  8 ball pythons
  12 endoplasms
  2 giant cockroaches
  9 hobgoblins
  7 jackals
  5 quokkas
  6 bats
  4 frilled lizards
  9 goblins
  A jackal zombie (D:3)
  7 kobolds
  A quokka zombie (D:3)
  9 rats
127 creatures vanquished.

Notes
Turn   | Place    | Note
-------+----------+-------------------------------------------
     0 | D:1      | LadyOphelia the Formicid Fighter began the quest for the
                  | Orb.
     0 | D:1      | Reached XP level 1. HP: 18/18 MP: 1/1
    49 | D:1      | Reached XP level 2. HP: 5/24 MP: 2/2
   785 | D:1      | Reached XP level 3. HP: 22/30 MP: 3/3
  1010 | D:1      | Found a faded altar of an unknown god.
  1743 | D:2      | Reached XP level 4. HP: 34/37 MP: 4/4
  1892 | D:2      | Noticed Sigmund
  1903 | D:2      | Killed Sigmund
  1904 | D:2      | Reached skill level 4 in Armour
  1904 | D:2      | Reached skill level 1 in Dodging
  1904 | D:2      | Reached XP level 5. HP: 31/43 MP: 5/5
  1904 | D:2      | Reached XP level 6. HP: 36/49 MP: 6/6
  2062 | D:2      | Found a hazy altar of Hepliaklqana.
  2787 | D:3      | Found a glowing drain.
  3190 | D:3      | Found a basalt altar of Yredelemnul.
  4553 | D:4      | Reached XP level 7. HP: 55/55 MP: 7/7
  4582 | D:4      | Reached skill level 5 in Armour
  4769 | D:4      | Found a staircase to the Ecumenical Temple.
  5798 | D:5      | Entered Level 5 of the Dungeon
  6553 | D:5      | Reached XP level 8. HP: 30/61 MP: 4/8
  6855 | D:5      | Noticed a yak
  6866 | D:5      | Killed a yak
  6867 | D:5      | Reached skill level 5 in Short Blades
  6868 | D:5      | Upgraded the game from 0.28-a0-1167-g616b1c6417 to
                  | 0.28-a0-1182-g381e24db82
  6908 | D:5      | Noticed a yak
  6908 | D:5      | Noticed a yak
  6921 | D:5      | Killed a yak
  6922 | D:5      | Reached skill level 5 in Fighting
  6922 | D:5      | Reached skill level 6 in Armour
  6922 | D:5      | Reached skill level 5 in Shields
  6931 | D:5      | Killed a yak
  6956 | D:5      | HP: 2/62 [ice beast (2)]
  6964 | D:5      | You are sucked into a shaft and drop 2 floors!
  7288 | D:7      | Reached XP level 9. HP: 49/68 MP: 9/9
  7291 | D:7      | Learned a level 1 spell: Slow
  7536 | D:7      | Reached skill level 7 in Armour
  7683 | D:7      | Noticed Harold
  7713 | D:7      | Killed Harold
  7725 | D:7      | Reached skill level 8 in Armour
  7765 | D:7      | Noticed a two-headed ogre
  7803 | D:7      | Slain by a two-headed ogre

Illustrated notes

Levels and vault maps discovered:
D:1:      heliophobic_arrival_dark_side_of_the_moon, layout_basic,
          shapermc_ecumenical_altar_starsandcircs
D:2:      layout_basic, basic_altar, uniq_sigmund
D:3:      layout_basic, nicolae_yredelemnul_corpse_copse, portal_sewer_entry_a,
          nicolae_elevator_lobby_asterisk
D:4:      layout_basic, minmay_temple_entry_antechambers
D:5:      layout_gridville, eino_small_chamber_without_monster,
          ebering_dispersal_statue_hall, grunt_decor_junction,
          grunt_ministairs_1, kennysheep_generic_room_14
D:7:      layout_loops_ring, uniq_harold

Skill      XL: |  1  2  3  4  5  6  7  8  9 |
---------------+----------------------------+-----
Shields        | 4 5 |  5.7
Fighting       | 4 5 6 |  6.0
Short Blades   | 2 3 4 6 7 |  7.4
Armour         | 4 5 6 8 |  8.0
Dodging        | 1 2 3 |  3.0
Long Blades    | |  2.4

Action                   |  1- 3 |  4- 6 |  7- 9 || total
-------------------------+-------+-------+-------++-------
Melee: Long sword        |    94 |       |       ||    94
       Short sword       |    10 |   153 |   201 ||   364
 Abil: Dig               |       |     1 |       ||     1
       Shaft Self        |       |       |     1 ||     1
Evoke: Wand              |       |       |     1 ||     1
  Use: Scroll            |     1 |     3 |     2 ||     6
       Potion            |       |       |     8 ||     8
Armor: Scale mail        |    66 |    49 |    75 ||   190
Dodge: Dodged            |    56 |    61 |   126 ||   243
Block: Buckler           |    26 |    27 |    43 ||    96

Table legend: (Time is in decaauts)
 A = Elapsed time spent in this place.
 B = Non-inter-level travel time spent in this place.
 C = Inter-level travel time spent in this place.
 D = Time resting spent in this place.
 E = Time spent auto-exploring this place.
 F = Levels seen in this place.
 G = Mean time per level.
                   A        B        C        D        E       F      G
               +--------+--------+--------+--------+--------+-----+--------+
         Total |   7788 |   7717 |     71 |   2917 |   3372 |   6 | 1298.0 |
       Dungeon |   7788 |   7717 |     71 |   2917 |   3372 |   6 | 1298.0 |
               +--------+--------+--------+--------+--------+-----+--------+

Top non-repeatable levels by time:
     D:4: 2335 daAuts
     D:1: 1634 daAuts
     D:2: 1563 daAuts
     D:3: 1270 daAuts
     D:7: 821 daAuts
     D:5: 163 daAuts
